 Dungeon Crawl Stone Soup version 0.27-a0-789-g6bb3289e1e (webtiles) character file.

Game seed: 6288090509799857213

337 leviel the Slasher (level 6, -8/42 HPs)
             Began as a Gargoyle Monk on Mar 27, 2021.
             Was a Believer of the Shining One.
             Mangled by a hornet (10 damage)
             ... on level 4 of the Dungeon.
             The game lasted 00:06:58 (3428 turns).

leviel the Slasher (Gargoyle Monk)                  Turns: 3428, Time: 00:06:59

Health: -8/42      AC: 10    Str: 17    XL:     6   Next: 54%
Magic:  5/6        EV: 11    Int: 10    God:    the Shining One [**....]
Gold:   104        SH:  6    Dex: 12    Spells: 5/5 levels left

rFire    . . .     SeeInvis .   a - +1 falchion (venom)
rCold    . . .     Faith    .   (no shield)
rNeg     + + .     Spirit   .   g - +0 ring mail
rPois    ∞         Reflect  .   (helmet restricted)
rElec    +         Harm     .   (no cloak)
rCorr    .         Rampage  .   (no gloves)
Will     +....                  e - +0 pair of boots
Stlth    +.........             (no amulet)
HPRegen  0.14/turn              (no ring)
MPRegen  0.10/turn              (no ring)

@: divinely shielded, glowing
A: AC +4, negative energy resistance 1, electricity resistance, torment
resistance 1, unbreathing 1, petrification resistance, antennae 1, low mp 1,
strong-willed 1, robust 1
a: Renounce Religion, Divine Shield


You were on level 4 of the Dungeon.
You worshipped the Shining One.
The Shining One was pleased with you.
You visited 1 branch of the dungeon, and saw 4 of its levels.

You collected 104 gold pieces.

Inventory:

Hand Weapons
 a - a +1 falchion of venom (weapon)
Missiles
 f - 2 atropa-tipped darts (quivered)
Armour
 e - a +0 pair of boots (worn)
 g - a +0 ring mail (worn)
Jewellery
 i - a ring of ice
Scrolls
 b - a scroll of identify
 l - a scroll of noise {unknown}
 m - 3 scrolls of enchant armour
 o - a scroll of fog {unknown}


   Skills:
 + Level 4.7 Fighting
 * Level 4.8 Long Blades
 + Level 3.4 Dodging
 - Level 2.1 Stealth
 + Level 1.5 Invocations


You had 5 spell levels left.
You didn't know any spells.
Your spell library was empty.

Dungeon Overview and Level Annotations

Branches:
Dungeon (4/15)
 Temple: D:4-7

Altars:
Makhleb
Yredelemnul
The Shining One


Innate Abilities, Weirdness & Mutations

Your stone body is resilient. (AC +4)
You are immune to poison.
You resist negative energy. (rN+)
You are resistant to electric shocks. (rElec)
You are resistant to unholy torment.
You can survive without breathing.
You are immune to petrification.
You have a pair of small antennae on your head.
Your magical capacity is low. (-10% MP)
You are strong-willed. (Will+)
You are robust. (+10% HP)


Message History

The hornet stings you! You block the hornet's attack.
You hit the hornet.
The hornet is moderately wounded.
The hornet stings you!
* * * LOW HITPOINT WARNING * * *
The hornet stings you but does no damage.
It was a potion of heal wounds.
You feel much better. The hornet stings you.
You hit the hornet but do no damage.
The hornet is lightly wounded.
You block the hornet's attack. x2
You hit the hornet but do no damage.
The hornet is lightly wounded.
The hornet stings you.
You aren't carrying any potions.
Blink to where?
Press: ? - help, Dir - move target
As you read the scroll of blinking, it crumbles to dust.
As you read the scroll labelled ESUTSE XENEADE, it crumbles to dust.
You speak a Word of immense power!
It was a scroll of holy word.
As you read the scroll labelled ROQONU DURU, it crumbles to dust.
The creatures around you are filled with an inner flame!
It was a scroll of immolation.
The hornet stings you!
* * * LOW HITPOINT WARNING * * *
Drop what? 11/52 slots (_ for help) (? for menu, Esc to quit)
Okay, then.
As you read the scroll labelled OTEORE XYUPN, it crumbles to dust.
It is a scroll of enchant weapon.
Your +0 falchion glows red for a moment.
The hornet stings you!
* * * LOW HITPOINT WARNING * * *
You block the hornet's attack.
As you read the scroll labelled UCRUOT REOLIENE, it crumbles to dust.
It is a scroll of brand weapon.
Your +1 falchion drips with poison.
a - a +1 falchion of venom (weapon)
The hornet misses you.
You hit the hornet but do no damage.
The hornet is lightly wounded.
The hornet stings you!
You die...

#.##### #.### #.y...# #....
#####.#### ##### ###.##.####
#.........##########
#.#.....#.##.......#
#.####.##.##†#####.#########
# #.##.##.# #..........
#.##.y@.# ###########
..####### ###


You could see a hornet (inner flame).

Vanquished Creatures
  A sky beast (D:4)
  2 scorpions (D:4)
  An iguana (D:4)
  7 adders
  A dart slug (D:4)
  4 ball pythons
  2 bats
  5 endoplasms
  4 giant cockroaches
  5 goblins
  6 hobgoblins
  2 jackals (D:2)
  5 kobolds
  3 quokkas
  4 frilled lizards
  7 rats
59 creatures vanquished.

Notes
Turn   | Place    | Note
-------+----------+-------------------------------------------
     0 | D:1      | leviel the Gargoyle Monk began the quest for the Orb.
     0 | D:1      | Reached XP level 1. HP: 14/14 MP: 1/1
    90 | D:1      | Reached XP level 2. HP: 19/19 MP: 2/2
   602 | D:1      | Reached XP level 3. HP: 11/23 MP: 3/3
  1907 | D:2      | Reached XP level 4. HP: 24/29 MP: 4/4
  2373 | D:4      | Found a basalt altar of Yredelemnul.
  2373 | D:4      | Found a glowing golden altar of the Shining One.
  2373 | D:4      | Found a burning altar of Makhleb.
  2374 | D:4      | Gained mutation: Your magical capacity is low. (-10% MP)
                  | [potion of mutation]
  2374 | D:4      | Gained mutation: You are strong-willed. (Will+) [potion of
                  | mutation]
  2374 | D:4      | Gained mutation: You are robust. (+10% HP) [potion of
                  | mutation]
  2374 | D:4      | Gained mutation: You have a pair of small antennae on your
                  | head. [potion of mutation]
  2507 | D:4      | Reached XP level 5. HP: 6/36 MP: 4/4
  2766 | D:4      | Became a worshipper of the Shining One
  2766 | D:4      | Reached * piety under the Shining One
  2766 | D:4      | Reached ** piety under the Shining One
  2991 | D:4      | Reached skill level 1 in Invocations
  2991 | D:4      | Reached XP level 6. HP: 19/42 MP: 6/6
  3191 | D:4      | Noticed a sky beast
  3207 | D:4      | Killed a sky beast
  3390 | D:4      | Noticed a hornet
  3426 | D:4      | HP: 2/42 [hornet (7)]
  3428 | D:4      | Mangled by a hornet

Illustrated notes

Levels and vault maps discovered:
D:1:      dpeg_arrival_simpleton_c, layout_loops_ring, minmay_ruptured
D:2:      layout_loops_cross, minmay_statues_item, chequers_avenue
D:3:      layout_rooms, pdpol_wu_jian_five_deadly_venoms,
          chequers_ecumenical_altar_twisty, gup_sewer_entry_spiral,
          trog_hazing_becter, uniq_grinder
D:4:      minmay_angry_zag, layout_basic,
          chequers_temple_overflow_statue_of_worship

Skill      XL: |  1  2  3  4  5 |
---------------+----------------+-----
Long Blades    | 3 4 |  4.8
Fighting       | 4 |  4.7
Dodging        | 3 |  3.4
Invocations    | 1 |  1.5
Stealth        | |  2.1

Action                   |  1- 3 |  4- 6 || total
-------------------------+-------+-------++-------
Melee: Falchion          |   131 |   139 ||   270
Invok: Divine Shield     |       |     1 ||     1
  Use: Potion            |     1 |     4 ||     5
       Scroll            |       |     7 ||     7
 Stab: Sleeping          |     3 |     2 ||     5
       Invisible         |     1 |       ||     1
Armor: Robe              |     5 |       ||     5
       Ring mail         |    40 |    59 ||    99
Dodge: Dodged            |    79 |    87 ||   166
Block: Other             |       |     6 ||     6
       Rpst.: Falchion   |    24 |    18 ||    42

Table legend: (Time is in decaauts)
 A = Elapsed time spent in this place.
 B = Non-inter-level travel time spent in this place.
 C = Inter-level travel time spent in this place.
 D = Time resting spent in this place.
 E = Time spent auto-exploring this place.
 F = Levels seen in this place.
 G = Mean time per level.
                   A        B        C        D        E       F      G
               +--------+--------+--------+--------+--------+-----+--------+
         Total |   3472 |   3375 |     97 |    777 |   1993 |   4 |  868.0 |
       Dungeon |   3472 |   3375 |     97 |    777 |   1993 |   4 |  868.0 |
               +--------+--------+--------+--------+--------+-----+--------+

Top non-repeatable levels by time:
     D:1: 1248 daAuts
     D:4: 1077 daAuts
     D:2: 933 daAuts
     D:3: 213 daAuts
